[Event "Bundesturnier Hauptturnier 1 2024"]
[Site "Olten"]
[Date "2024.05.09"]
[Round "2.4"]
[White "Gemelli, Romain"]
[Black "Loetscher, Roland"]
[Result "1/2-1/2"]
[ECO "D30"]
[WhiteElo "2047"]
[BlackElo "2384"]
[Annotator "ChessBase"]
[PlyCount "143"]
[EventDate "2024.05.09"]
[EventType "tourn"]
[EventCountry "SUI"]
[SourceTitle "playchess.com"]
[Source "ChessBase"]
[SourceQuality "1"]
[TimeControl "5400+30"]

1. d4 d5 2. c4 e6 3. Nf3 a6 4. Bg5 Be7 5. Bxe7 Nxe7 6. e3 O-O 7. Nc3 Nd7 8. cxd5 exd5 9. Bd3 Nf6 10. Qc2 g6 11. O-O Bf5 12. b4 Re8 13. a4 c6 14. b5 cxb5 15. axb5 a5 16. Ne5 Rc8 17. Bxf5 Nxf5 18. Qb3 Re6 19. Rfc1 Ne7 20. Ne2 Ne4 21. f3 Nf6 22. Nf4 Rd6 23. g4 g5 24. Nfd3 b6 25. Rc3 Qe8 26. Rac1 Rxc3 27. Rxc3 Nd7 28. Rc7 Ng6 29. Qc3 Ndxe5 30. dxe5 Rd8 31. Rc6 Qe7 32. Rxb6 Re8 33. Kf2 Nxe5 34. Nxe5 Qxe5 35. Qxe5 Rxe5 36. Rb8+ Kg7 37. b6 Re6 38. Rd8 Rxb6 39. Rxd5 h6 40. Rxa5 Rb2+ 41. Kg3 Re2 42. Re5 Kg6 43. h4 Kf6 44. Re8 Kg7 45. Re5 Kf6 46. Re4 Kg7 47. Re8 Kf6 48. e4 Kg7 49. e5 Ra2 50. e6 fxe6 51. Rxe6 Rb2 52. Re7+ Kf6 53. Ra7 gxh4+ 54. Kxh4 Rh2+ 55. Kg3 Rb2 56. f4 Rb1 57. f5 Rg1+ 58. Kf3 h5 59. Ra6+ Kf7 60. gxh5 Rg5 61. Kf4 Rxh5 62. Ke5 Rh1 63. Ra7+ Kg8 64. Ke6 Re1+ 65. Kf6 Rf1 66. Rd7 Rf2 67. Rd8+ Kh7 68. Ke6 Kg7 69. Rd5 Re2+ 70. Re5 Rxe5+ 71. Kxe5 Kf7 72. f6 1/2-1/2

[Event "Bundesturnier Hauptturnier 1 2024"]
[Site "Olten"]
[Date "2024.05.09"]
[Round "2.5"]
[White "Willems, Niels"]
[Black "Hofer, Maximilian"]
[Result "1-0"]
[ECO "E63"]
[WhiteElo "2329"]
[BlackElo "2124"]
[Annotator "ChessBase"]
[PlyCount "67"]
[EventDate "2024.05.09"]
[EventType "tourn"]
[EventCountry "SUI"]
[SourceTitle "playchess.com"]
[Source "ChessBase"]
[SourceQuality "1"]
[TimeControl "5400+30"]

1. c4 Nf6 2. Nc3 g6 3. g3 Bg7 4. Bg2 O-O 5. d4 d6 6. Nf3 Nc6 7. O-O a6 8. h3 Bd7 9. Bg5 h6 10. Be3 Rb8 11. Nd5 Kh7 12. Rc1 e6 13. Nxf6+ Qxf6 14. b3 Qe7 15. Qd2 e5 16. d5 Nd8 17. c5 f5 18. cxd6 cxd6 19. Rc7 Rf7 20. Rfc1 Qf8 21. h4 Bf6 22. Bh3 Qg7 23. h5 Be8 24. hxg6+ Qxg6 25. Qc2 e4 26. Nd4 Bxd4 27. Bxd4 Bd7 28. Bb2 Re7 29. Qc3 Nf7 30. Qf6 Qg5 31. Rxd7 Rxd7 32. Bxf5+ Kg8 33. Qxg5+ Nxg5 34. Bxd7 1-0

[Event "Bundesturnier Hauptturnier 1 2024"]
[Site "Olten"]
[Date "2024.05.09"]
[Round "2.6"]
[White "Rotunno, Flavio"]
[Black "Rohrer, Christophe"]
[Result "1/2-1/2"]
[ECO "D38"]
[WhiteElo "2105"]
[BlackElo "2240"]
[Annotator "ChessBase"]
[PlyCount "65"]
[EventDate "2024.05.09"]
[EventType "tourn"]
[EventCountry "SUI"]
[SourceTitle "playchess.com"]
[Source "ChessBase"]
[SourceQuality "1"]
[TimeControl "5400+30"]

1. d4 Nf6 2. c4 e6 3. Nf3 d5 4. Nc3 Bb4 5. Bg5 Nbd7 6. e3 c5 7. cxd5 exd5 8. Bd3 Qa5 9. Qc2 c4 10. Bf5 O-O 11. O-O Re8 12. Nd2 g6 13. Bxd7 Nxd7 14. f3 Nb6 15. Bf4 Bxc3 16. bxc3 Qa4 17. Qb1 Qa3 18. Qc2 Bd7 19. e4 Ba4 20. Qc1 Qxc1 21. Raxc1 Bc6 22. Rfe1 Re6 23. Bc7 Na4 24. exd5 Bxd5 25. Rxe6 Bxe6 26. Ne4 f5 27. Nc5 Nxc5 28. dxc5 Rc8 29. Bd6 Rc6 30. Rb1 b6 31. cxb6 Rxb6 32. Rxb6 axb6 33. Kf2 1/2-1/2

[Event "Bundesturnier Hauptturnier 1 2024"]
[Site "Olten"]
[Date "2024.05.09"]
[Round "2.7"]
[White "Gryshko, Vitalii"]
[Black "Borner, Daniel"]
[Result "1/2-1/2"]
[ECO "A48"]
[WhiteElo "2316"]
[BlackElo "2081"]
[Annotator "ChessBase"]
[PlyCount "77"]
[EventDate "2024.05.09"]
[EventType "tourn"]
[EventCountry "SUI"]
[SourceTitle "playchess.com"]
[Source "ChessBase"]
[SourceQuality "1"]
[TimeControl "5400+30"]

1. Nf3 Nf6 2. b3 g6 3. Bb2 Bg7 4. e3 O-O 5. d4 c5 6. dxc5 Qa5+ 7. Nbd2 Qxc5 8. Bd3 Qc7 9. O-O b6 10. Qe2 Bb7 11. c4 d6 12. Rac1 Nbd7 13. b4 Rac8 14. Nd4 Qb8 15. N2b3 a6 16. Bb1 Rfe8 17. Rfd1 Qa8 18. f3 e5 19. Nc2 d5 20. Na3 Bh6 21. cxd5 Bxd5 22. Nd2 b5 23. Rxc8 Rxc8 24. Bd3 Be6 25. Ne4 Nd5 26. Nc2 f5 27. Nc5 Nxc5 28. bxc5 Bg7 29. Qf2 Qc6 30. e4 Nf4 31. Nb4 Nxd3 32. Nxd3 fxe4 33. Nxe5 Bxe5 34. Bxe5 Qxc5 35. Rd8+ Kf7 36. Rxc8 Qxf2+ 37. Kxf2 Bxc8 38. fxe4 Ke6 39. Bc3 1/2-1/2

[Event "Bundesturnier Hauptturnier 1 2024"]
[Site "Olten"]
[Date "2024.05.09"]
[Round "2.8"]
[White "Menzi, Jonas"]
[Black "Sutter, Oliver"]
[Result "1/2-1/2"]
[ECO "C00"]
[WhiteElo "2063"]
[BlackElo "2304"]
[Annotator "ChessBase"]
[PlyCount "145"]
[EventDate "2024.05.09"]
[EventType "tourn"]
[EventCountry "SUI"]
[SourceTitle "playchess.com"]
[Source "ChessBase"]
[SourceQuality "1"]
[TimeControl "5400+30"]

1. e4 c5 2. Nf3 e6 3. d3 Nc6 4. g3 d5 5. Qe2 Nf6 6. Bg2 Be7 7. O-O b6 8. e5 Nd7 9. c4 d4 10. Na3 Bb7 11. h4 h6 12. h5 a6 13. Re1 Qc7 14. Nc2 O-O-O 15. Bd2 g5 16. hxg6 fxg6 17. Bh3 Nf8 18. Rab1 g5 19. b4 g4 20. Bxg4 h5 21. Bh3 h4 22. g4 cxb4 23. g5 a5 24. a3 bxa3 25. Ra1 Bc5 26. Nxa3 Na7 27. Nb5 Nxb5 28. cxb5 Qf7 29. Nh2 Kb8 30. Qg4 Bd5 31. Bg2 Ng6 32. Bxd5 Rxd5 33. f4 Ne7 34. Qg2 Nf5 35. Ng4 h3 36. Qf3 Qh5 37. Nh2 Qxf3 38. Nxf3 Be7 39. Rab1 Rc8 40. Rb2 Rdc5 41. Kh2 Rh8 42. Re4 Rd5 43. Re1 Bc5 44. Rg1 Rd7 45. Rc2 Rc7 46. Ra2 Ne7 47. Rg3 Ng6 48. Rxh3 Rxh3+ 49. Kxh3 Rh7+ 50. Kg4 Rh1 51. f5 exf5+ 52. Kxf5 Ne7+ 53. Ke4 Kc7 54. Bf4 Kd7 55. Rg2 Ng6 56. Kf5 Ne7+ 57. Kf6 Nd5+ 58. Kf5 Ne7+ 59. Ke4 Ng6 60. Bd2 a4 61. Kf5 a3 62. Be1 Rf1 63. Kxg6 Rxf3 64. Kh7 Rh3+ 65. Kg8 Rh1 66. Re2 Ke6 67. g6 a2 68. Rxa2 Rxe1 69. g7 Re3 70. Kh7 Rh3+ 71. Kg6 Rg3+ 72. Kh7 Rh3+ 73. Kg6 1/2-1/2

[Event "Bundesturnier Hauptturnier 1 2024"]
[Site "Olten"]
[Date "2024.05.09"]
[Round "2.9"]
[White "Toktomushev, Teimur"]
[Black "Kwiatkowski, Jakub"]
[Result "1-0"]
[ECO "E11"]
[WhiteElo "2295"]
[BlackElo "2057"]
[Annotator "ChessBase"]
[PlyCount "75"]
[EventDate "2024.05.09"]
[EventType "tourn"]
[EventCountry "SUI"]
[SourceTitle "playchess.com"]
[Source "ChessBase"]
[SourceQuality "1"]
[TimeControl "5400+30"]

1. d4 Nf6 2. c4 e6 3. Nf3 Bb4+ 4. Bd2 Qe7 5. g3 Nc6 6. a3 Bxd2+ 7. Qxd2 d6 8. Bg2 O-O 9. O-O e5 10. d5 Nb8 11. Nc3 a5 12. b4 Na6 13. Ne1 Bd7 14. Rb1 axb4 15. axb4 Rfe8 16. e4 c6 17. Nc2 cxd5 18. exd5 Bf5 19. Rb2 Bxc2 20. Qxc2 Rac8 21. Qe2 Qd7 22. Rc1 Nc7 23. Qf1 Ra8 24. c5 e4 25. c6 Qf5 26. cxb7 Rab8 27. Nxe4 Nxe4 28. Rxc7 Nf6 29. Re2 Rf8 30. Re1 g6 31. Qc4 Ng4 32. Qf4 Qh5 33. h3 Ne5 34. g4 Qh4 35. Qg3 Qd8 36. Rec1 g5 37. Rc8 Qb6 38. Rxb8 1-0

[Event "Bundesturnier Hauptturnier 1 2024"]
[Site "Olten"]
[Date "2024.05.09"]
[Round "2.10"]
[White "Haugner, Jan"]
[Black "Loeffler, Markus"]
[Result "0-1"]
[ECO "B90"]
[WhiteElo "2066"]
[BlackElo "2238"]
[Annotator "ChessBase"]
[PlyCount "46"]
[EventDate "2024.05.09"]
[EventType "tourn"]
[EventCountry "SUI"]
[SourceTitle "playchess.com"]
[Source "ChessBase"]
[SourceQuality "1"]
[TimeControl "5400+30"]

1. e4 c5 2. Nf3 d6 3. d4 cxd4 4. Nxd4 Nf6 5. Nc3 a6 6. Bd3 e5 7. Nde2 Be7 8. O-O O-O 9. Ng3 Nc6 10. Nd5 h6 11. c4 Rb8 12. b3 b5 13. Bb2 Nxd5 14. exd5 Nb4 15. Bb1 bxc4 16. f4 Qc7 17. bxc4 Qxc4 18. fxe5 Nxd5 19. exd6 Bxd6 20. Qd2 Bf4 21. Rxf4 Qxf4 22. Qc2 Qe3+ 23. Kf1 g6 0-1

[Event "Bundesturnier Hauptturnier 1 2024"]
[Site "Olten"]
[Date "2024.05.09"]
[Round "2.11"]
[White "Gautier, Anand"]
[Black "Madsen, Michael B."]
[Result "1/2-1/2"]
[ECO "C24"]
[WhiteElo "2274"]
[BlackElo "2067"]
[Annotator "ChessBase"]
[PlyCount "132"]
[EventDate "2024.05.09"]
[EventType "tourn"]
[EventCountry "SUI"]
[SourceTitle "playchess.com"]
[Source "ChessBase"]
[SourceQuality "1"]
[TimeControl "5400+30"]

1. e4 e5 2. Bc4 Nf6 3. d3 c6 4. Nf3 d6 5. O-O Be7 6. a4 O-O 7. Nc3 Nbd7 8. Be3 Qa5 9. Bd2 Qc7 10. Re1 Nc5 11. h3 Be6 12. Bxe6 Nxe6 13. Ne2 Rfe8 14. Ng3 g6 15. c3 Bf8 16. Qc2 Bg7 17. a5 d5 18. Be3 c5 19. Ng5 Nd8 20. Qa4 d4 21. cxd4 cxd4 22. Bd2 a6 23. Rec1 Nc6 24. b4 Rec8 25. b5 axb5 26. Qxb5 Ra7 27. Ne2 Rca8 28. f4 Ne8 29. fxe5 Qxe5 30. Rc5 Qe7 31. Rcc1 Bh6 32. Nf3 Bxd2 33. Nxd2 Rxa5 34. Rxa5 Rxa5 35. Qb2 Qg5 36. Nc4 Rb5 37. Qa3 Nc7 38. Rf1 Qc5 39. Qa1 Rb3 40. Qd1 Rb4 41. Kh1 b5 42. Nd2 Ne6 43. Nb3 Qd6 44. Qc2 Ne5 45. Rc1 Kg7 46. Nd2 Ra4 47. Rb1 Qa6 48. Nf3 Nxf3 49. gxf3 Ra2 50. Rb2 Rxb2 51. Qxb2 Qa4 52. Kg2 g5 53. Kf2 Kg6 54. Qc1 Qa2 55. Ke1 b4 56. f4 gxf4 57. Nxf4+ Nxf4 58. Qxf4 Qb1+ 59. Kd2 Qb2+ 60. Kd1 Qb3+ 61. Kd2 Qc3+ 62. Ke2 b3 63. Qf5+ Kg7 64. Qg5+ Kf8 65. Qd8+ Kg7 66. Qg5+ Kf8 1/2-1/2

[Event "Bundesturnier Hauptturnier 1 2024"]
[Site "Olten"]
[Date "2024.05.09"]
[Round "2.12"]
[White "Musaelyan, Arshavir"]
[Black "Gantner, Matthias"]
[Result "1/2-1/2"]
[ECO "D02"]
[WhiteElo "1995"]
[BlackElo "2237"]
[Annotator "ChessBase"]
[PlyCount "118"]
[EventDate "2024.05.09"]
[EventType "tourn"]
[EventCountry "SUI"]
[SourceTitle "playchess.com"]
[Source "ChessBase"]
[SourceQuality "1"]
[TimeControl "5400+30"]

1. d4 Nf6 2. Nf3 d5 3. g3 e6 4. Bg2 b5 5. O-O Nbd7 6. a4 b4 7. c4 bxc3 8. Nxc3 Bb4 9. Ne5 c5 10. Nd3 a5 11. Nb5 O-O 12. Bf4 Qb6 13. Bd6 Re8 14. dxc5 Nxc5 15. Bxc5 Bxc5 16. Nxc5 Qxc5 17. Rc1 Qb4 18. Nc7 Bd7 19. b3 Rab8 20. Nxe8 Bxe8 21. Rb1 Nd7 22. Qe1 Nc5 23. Qxb4 Rxb4 24. Rfc1 Nxb3 25. Rc8 Kf8 26. Ra8 Ke7 27. Rxa5 Rxa4 28. Rxa4 Bxa4 29. e3 f5 30. Bf1 Nc5 31. Bb5 Bxb5 32. Rxb5 Ne4 33. f3 Nd6 34. Ra5 Kf6 35. Ra7 h6 36. h4 h5 37. Kf2 Nf7 38. Ra8 Ne5 39. Ke2 Nf7 40. Rb8 Nd6 41. Kd3 Nc4 42. Rh8 Ne5+ 43. Ke2 Kg6 44. Re8 Kf6 45. Rh8 Kg6 46. Rc8 Kf6 47. Rc7 Nf7 48. Rc6 Ne5 49. Ra6 Nf7 50. f4 Nh6 51. Kd3 Ng4 52. Ra2 Ke7 53. Kd4 Kf6 54. Rb2 Kf7 55. Rc2 Kf6 56. Ra2 Kf7 57. Re2 Ke7 58. Rb2 Kf7 59. Ra2 Kf6 1/2-1/2

[Event "Bundesturnier Hauptturnier 1 2024"]
[Site "Olten"]
[Date "2024.05.10"]
[Round "3.1"]
[White "Loeffler, Markus"]
[Black "Bauer, Christian"]
[Result "1-0"]
[ECO "C11"]
[WhiteElo "2238"]
[BlackElo "2576"]
[Annotator "ChessBase"]
[PlyCount "129"]
[EventDate "2024.05.09"]
[EventType "tourn"]
[EventCountry "SUI"]
[SourceTitle "playchess.com"]
[Source "ChessBase"]
[SourceQuality "1"]
[TimeControl "5400+30"]

1. e4 e6 2. d4 d5 3. Nc3 Bb4 4. e5 Bf8 5. f4 c5 6. Nf3 Nh6 7. Be3 b6 8. Bb5+ Bd7 9. Bd3 Nc6 10. Qd2 c4 11. Be2 b5 12. h3 Nf5 13. Bf2 h5 14. Nd1 b4 15. c3 Rb8 16. Ne3 bxc3 17. bxc3 Nxe3 18. Qxe3 Ba3 19. O-O Ne7 20. Rab1 Rb6 21. Qd2 Ng6 22. Be3 h4 23. Qc2 Ne7 24. Bc1 Bxc1 25. Rfxc1 Nf5 26. Bd1 O-O 27. Qf2 Ra6 28. Rb2 Ra3 29. Qd2 Qa5 30. Nh2 Bc6 31. Nf1 f6 32. Bg4 fxe5 33. fxe5 Bd7 34. Bxf5 exf5 35. Nh2 f4 36. Nf3 Bf5 37. Nxh4 Be4 38. Nf3 Qd8 39. Kh2 Ra6 40. Qf2 Rg6 41. Qh4 Qd7 42. Rf1 Rh6 43. Qe1 Qe7 44. Kg1 Rg6 45. Rff2 Rg3 46. Nd2 Bd3 47. Rxf4 Rxg2+ 48. Kxg2 Rxf4 49. Rb8+ Kh7 50. Qg3 Rf5 51. Kh2 Be2 52. Qe3 Qh4 53. Rb2 Qe1 54. Ne4 Rf1 55. Ng5+ Kg6 56. Rxe2 Rh1+ 57. Kg2 Qf1+ 58. Kg3 Qf5 59. h4 Qf1 60. Rg2 Qb1 61. e6 Re1 62. Qf3 Rf1 63. Qxd5 Qe1+ 64. Kg4 Qd1+ 65. Nf3 1-0

[Event "Bundesturnier Hauptturnier 1 2024"]
[Site "Olten"]
[Date "2024.05.10"]
[Round "3.2"]
[White "Baenziger, Fabian"]
[Black "Pfaltz, Maximilian"]
[Result "1-0"]
[ECO "A39"]
[WhiteElo "2415"]
[BlackElo "1994"]
[Annotator "TA"]
[PlyCount "47"]
[EventDate "2024.05.09"]
[EventType "tourn"]
[EventCountry "SUI"]
[SourceTitle "playchess.com"]
[Source "ChessBase"]
[SourceQuality "1"]
[TimeControl "5400+30"]

1. c4 Nf6 2. Nc3 g6 3. g3 Bg7 4. Bg2 O-O 5. d4 c5 6. Nf3 cxd4 7. Nxd4 Nc6 8. O-O Nxd4 9. Qxd4 d6 10. Qd3 a6 11. Rd1 Qc7 12. Bg5 Be6 13. b3 h6 14. Bf4 {[%emt 0:04:23] White is better.} Rfd8 15. Rac1 Bd7 (15... Qd7 $14) 16. c5 $16 {[%emt 0:09:07][%cal Bc4c5,Bc5d6][%mdl 32] White is more active.} Bf5 (16... Qxc5 $16 17. Nd5 (17. Bxb7 Ng4 $14) 17... Qb5) 17. cxd6 $18 Qa5 18. Qd2 {[%emt 0:02:19][%cal Oc3d5] [#] Black must now prevent Nd5!} g5 $2 (18... Kh7 {is more resistant.} 19. Na4 (19. Bxb7 Rab8 $18) 19... Qxd2 20. Rxd2 exd6 21. Bxb7 Ra7) 19. Nd5 {[%emt 0:00:24] White is clearly winning.} Qxd2 20. Nxe7+ (20. Bxd2 Nxd5 21. Ba5 (21. Bxd5 Rxd6 22. Ba5 Rc8 $16) 21... Rxd6 22. Bxd5 (22. Rxd5 Rxd5 23. Bxd5 Rc8 $14) 22... Rc8 23. Rxc8+ (23. Bxb7 Rc2 $14) 23... Bxc8 $16) 20... Kh8 21. Bxd2 Be4 22. Ba5 {[%emt 0:01:43] [#] Threatens to win with Bxe4.} Rd7 23. Nc8 Bxg2 24. Kxg2 {[%emt 0:00:07] Black got outplayed after the opening.   Weighted Error Value: White=0.02 (flawless) /Black=0.51.  Mistake:       	---       	Black=3      OK:         	White=8     	Black=2      Best:        	White=1     	---} 1-0

[Event "Bundesturnier Hauptturnier 1 2024"]
[Site "Olten"]
[Date "2024.05.10"]
[Round "3.3"]
[White "Pahud, Cedric"]
[Black "Willems, Niels"]
[Result "0-1"]
[ECO "A34"]
[WhiteElo "2135"]
[BlackElo "2329"]
[Annotator "TA"]
[PlyCount "60"]
[EventDate "2024.05.09"]
[EventType "tourn"]
[EventCountry "SUI"]
[SourceTitle "playchess.com"]
[Source "ChessBase"]
[SourceQuality "1"]
[TimeControl "5400+30"]

1. Nf3 Nf6 2. c4 c5 3. g3 Nc6 4. Bg2 d5 5. cxd5 Nxd5 6. Nc3 Nc7 7. d3 e5 8. O-O Be7 9. Nd2 Bd7 10. a4 O-O 11. Nc4 f6 12. f4 exf4 13. Bxf4 Be6 14. e4 Nb4 15. Ne3 Bd6 {[%emt 0:04:50] Black is slightly better.} 16. Ncd5 Bxf4 17. Nxf4 Qd4 18. Qd2 Rad8 19. Ra3 Nc6 20. Kh1 Ne5 (20... Rfe8 $17) 21. Qe2 Rfe8 22. Rd1 Bc8 23. h3 b6 24. Kh2 g6 {[%emt 0:01:53] Black is much more active.} ({Better is} 24... Nc6 $17) 25. Rc1 (25. a5 $11) 25... Ba6 26. Nc4 $2 {[%emt 0:00:48] [#]} (26. Rd1 $1 $15) 26... Kg7 ({Black should play} 26... Ne6 $1 $19 {[%cal Re6f4] White must now prevent ...Nxf4.} 27. Nxe6 Rxe6 28. Nxe5 fxe5 (28... Rxe5 29. Rcc3 $17)) 27. Rac3 Ne6 {[%emt 0:02:07] Threatens to win with ...Nxf4.} 28. h4 $2 (28. Nd5 $17) 28... Nxf4 $19 {[%emt 0:00:30] Black is clearly winning.} 29. gxf4 Nxd3 30. Rd1 Bxc4 {[%emt 0:00:09] Weighted Error Value: White=0.80/Black=0.20 (precise) .  Loses game:     	White=2     	---        Mistake:       	White=1     	Black=3      Inaccurate:     	White=5     	Black=2      OK:         	White=2     	Black=6      Best:        	---       	Black=1} 0-1

[Event "Bundesturnier Hauptturnier 1 2024"]
[Site "Olten"]
[Date "2024.05.10"]
[Round "3.4"]
[White "Gut, Lionel"]
[Black "Toktomushev, Teimur"]
[Result "1/2-1/2"]
[ECO "D36"]
[WhiteElo "2124"]
[BlackElo "2295"]
[Annotator "RC"]
[PlyCount "82"]
[EventDate "2024.05.09"]
[EventType "tourn"]
[EventCountry "SUI"]
[SourceTitle "playchess.com"]
[Source "ChessBase"]
[SourceQuality "1"]
[TimeControl "5400+30"]

1. d4 d5 2. c4 e6 3. Nc3 Nf6 4. cxd5 exd5 5. Bg5 Be7 6. e3 c6 7. Bd3 Nbd7 8. Qc2 O-O 9. Nge2 Re8 10. O-O Nf8 11. Rae1 b5 12. b3 Bb7 13. Rd1 h6 14. Bh4 a6 15. a4 b4 16. Nb1 a5 17. Nd2 Ne6 18. Nf3 Rc8 19. Bf5 Nd7 20. Bg3 c5 21. dxc5 Ndxc5 22. Qb1 Qb6 23. Nfd4 Ba6 24. Rfe1 Bf6 25. Nxe6 Nxe6 26. Rxd5 Rcd8 27. Bxe6 Rxe6 28. Nf4 Ree8 29. Red1 Bb7 30. Rxd8 Rxd8 31. Rxd8+ Qxd8 32. Qd3 Qc8 33. h4 Qc6 34. h5 Bg5 35. f3 Qc1+ 36. Kh2 Qc5 37. Qd7 Bc6 38. Qd4 Qxd4 39. exd4 Bxf4 40. Bxf4 Bd5 41. Bc7 Bxb3 1/2-1/2

[Event "Bundesturnier Hauptturnier 1 2024"]
[Site "Olten"]
[Date "2024.05.10"]
[Round "3.5"]
[White "Palmonella, Valentin"]
[Black "Gryshko, Vitalii"]
[Result "0-1"]
[ECO "B28"]
[WhiteElo "2124"]
[BlackElo "2316"]
[Annotator "TA"]
[PlyCount "76"]
[EventDate "2024.05.09"]
[EventType "tourn"]
[EventCountry "SUI"]
[SourceTitle "playchess.com"]
[Source "ChessBase"]
[SourceQuality "1"]
[TimeControl "5400+30"]

1. e4 c5 2. Nf3 a6 3. c3 Nf6 4. e5 Nd5 5. d4 cxd4 6. cxd4 b5 {[%emt 0:04:07] Dodges Bc4} 7. Ng5 e6 {[%emt 0:09:28] [#] aiming for ...Bb4+.} 8. Nc3 d6 {[%emt 0:19:58] White is slightly better.} 9. Qf3 (9. Nxd5 {simplifies} exd5 10. e6 Bxe6 11. Nxe6 fxe6 12. Be2) 9... Ra7 10. Nxd5 (10. Nxb5 $5 Rd7 11. Nxd6+ Bxd6 12. exd6 $16) 10... exd5 11. Qxd5 Rd7 (11... Rc7 $11 {remains equal.}) 12. Be3 $2 (12. e6 $16 {[%cal Re6f7] stays on course.} fxe6 13. Qb3 (13. Nxe6 $2 Re7 $19)) 12... Bb7 $19 13. Qb3 dxe5 14. dxe5 {[%emt 0:03:54] [#]} Qa5+ (14... Bd5 $1 $17 15. Qc2 Bb4+ 16. Ke2 Rc7) 15. Ke2 $1 $11 Bd5 $1 {[%emt 0:01:37][%mdl 1024] Black has compensation.} 16. Qc3 ({Better is} 16. Qc2 $1 $15) 16... b4 $36 {[%emt 0:07:07][%mdl 2048] White is under strong pressure.} 17. Qc8+ Rd8 18. Qc1 Be7 (18... Bxa2 $2 19. b3 $18) (18... Nd7 $142 {[%cal Of8e7] ...Be7! would now be deadly.} 19. f4 f6 (19... Bxa2 $2 20. Kf2 $18) 20. exf6 Nxf6 (20... Bxa2 $2 21. f7+ Ke7 22. Kf2 $18) (20... gxf6 21. Nf3 $14)) 19. Nh3 $2 (19. f4 $17 {was called for.}) 19... O-O $19 (19... Bxa2 20. b3 $14) 20. f3 Rc8 ({Weaker is} 20... Bxa2 21. b3 Rc8 22. Qb2 $19) 21. Qb1 Nc6 22. Kf2 Nxe5 23. Nf4 Bb7 {[%emt 0:01:05] ...Bc5 is the strong threat.} 24. Bd3 Nxd3+ 25. Nxd3 $2 (25. Qxd3 Qe5 26. Rae1) 25... Bh4+ 26. g3 Bf6 27. Nf4 {[%emt 0:01:18] Inhibits Qh5.} Qa4 {[%emt 0:01:29] Hoping for ...Rc2+.} 28. Rd1 $2 (28. Rc1) 28... Bxb2 {[%emt 0:00:50] A strong pair of Bishops.} 29. Rd2 {[%emt 0:02:41] Wards off Rc2} (29. Qxb2 Rc2+ 30. Qxc2 Qxc2+ 31. Rd2) 29... Bxa1 {[%emt 0:00:08] Black is clearly winning.} 30. Qxa1 Rc2 31. Nh5 f6 {[%emt 0:01:56] Strongly threatening ...Rd8.} 32. Qd1 Rfc8 {[%emt 0:00:52] Threatens to win with ...Rxd2+.} 33. Ke1 Rc1 {[%emt 0:00:48][%cal Oa4e8] ( -> ...Qe8!)} ({And not} 33... Qxa2 34. Rd8+ Rxd8 35. Qxd8+ Kf7 36. Qd7+ Kf8 37. Qxg7+ (37. Qxb7 $2 {gets mated.} Qb1+) 37... Ke8 38. Nxf6+ Kd8 39. Qd7#) 34. Rd8+ Rxd8 35. Qxc1 Qc6 (35... b3 $142 36. axb3 Qa5+ (36... Qxb3 $2 37. Nf4 $19) 37. b4 Qxh5 38. Qc4+ Kh8) 36. Qxc6 Bxc6 37. Bb6 Rd3 {[%emt 0:00:09][%cal Od3a3] And now ...Ra3! would win.} 38. Ba5 Rd5 {[%emt 0:00:03] Weighted Error Value: White=0.92/Black=0.61.  Loses game:     	White=2     	---        Mistake:       	White=4     	Black=3      Inaccurate:     	White=3     	Black=1      OK:         	White=7     	Black=7      Best:        	White=1     	Black=3      Strong:       	White=1     	Black=1} 0-1

[Event "Bundesturnier Hauptturnier 1 2024"]
[Site "Olten"]
[Date "2024.05.10"]
[Round "3.6"]
[White "Loetscher, Roland"]
[Black "Rotunno, Flavio"]
[Result "1/2-1/2"]
[ECO "A13"]
[WhiteElo "2384"]
[BlackElo "2105"]
[Annotator "TA"]
[PlyCount "60"]
[EventDate "2024.05.09"]
[EventType "tourn"]
[EventCountry "SUI"]
[SourceTitle "playchess.com"]
[Source "ChessBase"]
[SourceQuality "1"]
[TimeControl "5400+30"]

1. c4 Nf6 2. g3 e6 3. Bg2 d5 4. Nf3 dxc4 5. Qa4+ Bd7 6. Qxc4 c5 7. Ne5 Qc8 8. Nxd7 {[%emt 0:01:00] The position is equal.} Qxd7 9. Qc2 Nc6 10. Nc3 Be7 11. O-O O-O 12. d3 Rac8 13. b3 Rfd8 14. Bb2 b6 15. Rac1 Nd5 16. Nxd5 exd5 17. e3 Qe6 18. Rcd1 Bf6 19. Bc1 h6 {[%emt 0:08:50] White is weak on the dark squares} 20. f4 a5 21. Kh1 Nb4 22. Qb1 {[%emt 0:02:00] [#]} (22. Qe2 $15) 22... c4 $1 $17 23. dxc4 dxc4 {[%emt 0:00:17] Hoping for ...Rxd1.} 24. bxc4 ({White should play} 24. f5 Qe8 25. bxc4) 24... Rxd1 ({And not} 24... Rxc4 25. Rxd8+ Bxd8 26. a3 $15) 25. Rxd1 Qxc4 {[%emt 0:00:14][%cal Oc4e2] ...Qe2! would now be deadly.} ({Much less strong is} 25... Rxc4 26. a3 $15) 26. Ba3 (26. Bd2 $17) 26... Qxa2 $2 {[%emt 0:04:58] [#]} (26... Nxa2 $19 {And now ...Nc3 would win.} 27. Rg1 b5) 27. Bxb4 $15 {[%emt 0:00:32] Black is slightly better.} Qxb1 28. Rxb1 axb4 29. Bd5 Bc3 30. Kg2 Bd2 {[%emt 0:03:50] Weighted Error Value: White=0.11 (very precise) /Black=0.15 (very precise) .  Missed win:     	---       	Black=1      Mistake:       	White=3     	---        OK:         	White=7     	Black=8      Best:        	---       	Black=1      Strong:       	---       	Black=1} 1/2-1/2

[Event "Bundesturnier Hauptturnier 1 2024"]
[Site "Olten"]
[Date "2024.05.10"]
[Round "3.7"]
[White "Rohrer, Christophe"]
[Black "Menzi, Jonas"]
[Result "1/2-1/2"]
[ECO "C60"]
[WhiteElo "2240"]
[BlackElo "2063"]
[Annotator "RC"]
[PlyCount "88"]
[EventDate "2024.05.09"]
[EventType "tourn"]
[EventCountry "SUI"]
[SourceTitle "playchess.com"]
[Source "ChessBase"]
[SourceQuality "1"]
[TimeControl "5400+30"]

1. e4 e5 2. Nf3 Nc6 3. Bb5 g6 4. c3 a6 5. Ba4 Bg7 6. O-O Nge7 7. d4 exd4 8. cxd4 b5 9. Bc2 O-O 10. d5 Na5 11. Bd2 Nc4 12. Bc3 Nxb2 13. Qe2 Nc4 14. a4 Rb8 15. axb5 axb5 16. Bd3 Bxc3 17. Nxc3 b4 18. Bxc4 bxc3 19. Qc2 d6 20. Qxc3 Bd7 21. Nd4 Rb6 22. Rfc1 c6 23. dxc6 Nxc6 24. Bd5 Ne7 25. Ra7 Nxd5 26. exd5 Rb8 27. h3 Rc8 28. Nc6 Bxc6 29. dxc6 Rc7 30. Rb7 Qc8 31. Rxc7 Qxc7 32. Qc4 Rc8 33. Rc3 Re8 34. g3 Rd8 35. Qd5 Rc8 36. Kg2 Qe7 37. Re3 Qc7 38. Rf3 Qe7 39. Re3 Qc7 40. Rc3 Qe7 41. Rf3 Qe6 42. Qxe6 fxe6 43. Rf6 Rxc6 44. Rxe6 Kf7 1/2-1/2